 Dungeon Crawl Stone Soup version 0.31.0-4-g52a2dc7128 (webtiles) character file.

Game seed: 1798561205395222516

17735 Laraso the Zephyrmancer (level 11, -10/133 (138) HPs)
             Began as a Demigod Air Elementalist on Jan 21, 2024.
             Killed from afar by a death drake (12 damage)
             ... with a foul vapour
             ... in a Gauntlet.
             The game lasted 00:28:05 (12733 turns).

Laraso the Zephyrmancer (Demigod Air Elementalist) Turns: 12733, Time: 00:28:06

HP:   -10/133 (138) AC: 25    Str: 15    XL:     11   Next: 95%
MP:   21/30         EV:  2    Int: 29    God:
Gold: 226           SH:  0    Dex: 14    Spells: 17/27 levels left

rFire   . . .        p - +1 trident
rCold   + . .        t - orb {light}
rNeg    + . .        B - melded +1 troll leather armour
rPois   +            i - melded +0 helmet
rElec   +            u - melded +0 cloak
rCorr   .            (gloves currently unavailable)
SInv    .            (boots currently unavailable)
Will    +....        C - amulet of magic regeneration
Stlth   +            I - ring of positive energy
HPRegen 1.22/turn    O - ring "Rokhoiji" {rElec rC+ Str+6}
MPRegen 0.62/turn

%: no teleportation
@: lethally poisoned (-10 -> -16), tree-form, hasted and slowed, glowing,
lightly drained
A: stationary, stasis, torment immunity, boosted hp, high MP 2, forlorn, divine
attributes, (fangs 1), regeneration 1
a: no special abilities


You were in a Gauntlet.
You were a tree.
You visited 1 branch of the dungeon, and saw 12 of its levels.
You also visited: Sewer, Gauntlet and Ice Cave.

You collected 853 gold pieces.
You spent 627 gold pieces at shops.

Inventory:

Hand Weapons
 p - a +1 trident (weapon)
Missiles
 j - 3 throwing nets
Armour
 i - a +0 helmet (melded)
 t - an orb of light (worn)
 u - a +0 cloak (melded)
 y - a +0 pair of boots of rampaging
 B - a +1 troll leather armour (melded)
Jewellery
 c - a +4 ring of protection
 l - an amulet of faith
 x - a ring of see invisible
 C - an amulet of magic regeneration (around neck)
 I - a ring of positive energy (left branch)
 O - the ring "Rokhoiji" (right branch) {rElec rC+ Str+6}
   (You bought it in a shop on level 10 of the Dungeon)

   [ring of strength]

   Str+6:     It affects your strength (+6).
   rC+:       It protects you from cold.
   rElec:     It insulates you from electricity.
Talismans
 f - a storm talisman
Wands
 m - a wand of flame (27)
 A - a wand of digging (9)
 F - a wand of charming (11)
 G - a wand of polymorph (6)
Scrolls
 h - 2 scrolls of amnesia
 n - 6 scrolls of teleportation
 o - 2 scrolls of fear
 r - 2 scrolls of fog
 v - a scroll of torment
 z - 4 scrolls of butterflies
 J - a scroll of vulnerability {unknown}
 K - a scroll of brand weapon {unknown}
Potions
 a - 3 potions of attraction
 b - 3 potions of magic
 d - a potion of curing
 e - a potion of mutation
 g - a potion of enlightenment
 k - a potion of haste
 q - a potion of lignification
 s - 3 potions of resistance
 w - a potion of cancellation
 E - 2 potions of brilliance {unknown}
 H - 3 potions of degeneration {unknown}
 N - 2 potions of might {unknown}


   Skills:
 - Level 7.0 Fighting
 - Level 5.0 Armour
 - Level 6.0 Dodging
 - Level 1.7 Stealth
 * Level 8.9 Spellcasting
 - Level 4.0 Conjurations
 - Level 12.0 Air Magic


You had 17 spell levels left.
You knew the following spells:

 Your Spells              Type           Power      Damage    Failure   Level
a - Shock                 Conj/Air       100%       1d9       1%          1
b - Static Discharge      Conj/Air       100%       3-8/arc   1%          2
d - Airstrike             Air            35%        2d(5-21)  1%          4
s - Swiftness             Air            70%        N/A       1%          3

Your spell library contained the following spells:

 Spells                   Type           Power      Damage    Failure   Level
 Ensorcelled Hibernation  Hex/Ice        24%        N/A       6%          2
 Lesser Beckoning         Tloc           24%        N/A       6%          2
 Call Canine Familiar     Summ           12%        N/A       13%         3
 Fugue of the Fallen      Necr           12%        N/A       13%         3
 Gell's Gravitas          Tloc           12%        N/A       13%         3
 Sigil of Binding         Hex            12%        N/A       13%         3
 Teleport Other           Tloc           12%        N/A       13%         3
 Anguish                  Hex/Necr       6%         N/A       38%         4
 Dimensional Bullseye     Hex/Tloc       6%         N/A       38%         4
 Enfeeble                 Hex            6%         N/A       100%        7
 Ozocubu's Refrigeration  Ice            6%         4d8       100%        7


Dungeon Overview and Level Annotations

Branches:
Dungeon (12/15)            Temple (0/1) D:4            Lair (0/5) D:11
    Orc (0/2) D:9           Sewer (visited)           IceCv (visited)
Gauntlet (1/1)

Shops:
D:3 ?   D:7 [   D:8 [   D:10 [[(=[   D:12 (

Annotations:
D:4 exclusion: sky beast
D:7 exclusion: door Gauntlet 8 transporters, 1 runed translucent door


Innate Abilities, Weirdness & Mutations

You are a tree.
Your roots penetrate the ground, keeping you stationary.
You cannot be teleported.
You are immune to unholy pain and torment.
Your maximum health is greatly increased.
Your equipment is partially melded.
You have a considerably increased reservoir of magic. (+20% MP)
You shall have no god before yourself.
Your divine heritage dramatically boosts your attributes as you level up.
((You have very sharp teeth.))
Your natural rate of healing is unusually fast.


Message History

The spectral hornet is struck by an arc of lightning.
The spectral hornet is almost destroyed.
You are struck by an arc of lightning.
The spectral hornet is struck by an arc of lightning.
You destroy the spectral hornet!
The lightning grounds out.
You feel sick. The death drake bites you.
* * * LOW HITPOINT WARNING * * *
The death drake bites you but does no damage.
Unknown command.
Casting: Static Discharge (safe; 1% risk of failure)
Confirm with . or Enter, or press ? or * to list all spells.
The death drake is struck by an arc of lightning.
The death drake is severely wounded.
You are struck by an arc of lightning.
The death drake is struck by an arc of lightning.
The death drake is severely wounded.
You are struck by an arc of lightning.
You feel sick. The death drake breathes miasma at you.
The foul vapour engulfs you.
You are more poisoned.
You feel as though you will be slow longer.
* * * LOW HITPOINT WARNING * * *
Unknown command.
Casting: Static Discharge (safe; 1% risk of failure)
Confirm with . or Enter, or press ? or * to list all spells.
The death drake is struck by an arc of lightning.
The death drake is almost dead.
You are struck by an arc of lightning.
You are engulfed in dark miasma.
* * * LOW HITPOINT WARNING * * *
x2 You feel very sick.
The death drake bites you.
* * * LOW HITPOINT WARNING * * *
You feel better.
You are engulfed in dark miasma.
You are poisoned.
You feel as though you will be slow longer.
* * * LOW HITPOINT WARNING * * *
x2 You feel very sick.
The death drake breathes miasma at you. The foul vapour engulfs you!
You die...

#.###§.#########..#
#..##..........#..#
#...#..#########..# #
#...#..#.......#..#
#.#.©.#8.#!...##.#..#
#.#...#..#..##.#.#..#
...©.#∩.#©.#©.#.#©©#
.#k°°#..#=#..##.#..#
#°♣°#8.#*####..#..#
#°°°#..#.......#..#
#..°#..#########..#
#..##..........#..#
#.###§.#########..#
## #§§.#ZZ8#8..#..#
##§.#Z.°8...#..#
#≈..#!.8.8.8#..#
##..#°8°Z^8##§.#


You could see a death drake (catching breath), a wretched star, a spectral wolf
spider, a spectral centaur warrior and a centaur warrior zombie.

Vanquished Creatures
  Gastronok (D:8)
  Harold (D:10)
  2 two-headed ogres
  A death scarab (Gauntlet)
  An orc knight (D:11)
  An ugly thing (D:11)
  A meliai (D:11)
  A gargoyle (D:11)
  Maggie (D:8)
  An unseen horror (D:11)
  A rime drake (D:11)
  A freezing wraith (D:11)
  3 trolls
  A polar bear (D:11)
  A vampire (D:11)
  A wraith (D:8)
  2 wyverns
  21 yaks
  A fire elemental (Gauntlet)
  A death yak simulacrum (IceCv)
  A steam dragon (D:8)
  Menkaure (D:4)
  4 acid dragons
  A spectral cane toad (Gauntlet)
  A water moccasin (D:7)
  A spectral hornet (Gauntlet)
  6 ice beasts
  2 laughing skulls (D:11)
  3 sky beasts
  7 orc warriors
  2 black bears
  5 wolves
  4 boggarts (D:11)
  3 centaurs
  A phantom (D:5)
  3 kobold brigands
  3 gnoll sergeants
  A two-headed ogre simulacrum (IceCv)
  5 bullfrogs
  A necrophage (D:4)
  2 scorpions
  5 wights
  10 killer bees (D:9)
  An electric eel (D:10)
  3 hounds (D:4)
  2 bombardier beetles
  7 orc priests
  2 jellies
  A gnoll bouda (D:9)
  2 iguanas
  3 sleepcaps
  12 orc wizards
  2 wolf simulacra (IceCv)
  A hound skeleton (D:4)
  14 adders
  17 gnolls
  5 river rats (Sewer)
  A naga simulacrum (IceCv)
  A shadow imp (D:5)
  A white imp (D:7)
  2 dart slugs
  52 orcs
  2 bats
  4 endoplasms
  4 giant cockroaches
  6 goblins
  6 hobgoblins
  4 jackals (D:2)
  2 quokkas
  18 ball pythons
  A frilled lizard (D:1)
  13 kobolds
  21 rats
326 creatures vanquished.

Vanquished Creatures (collateral kills)
  A centaur (D:7)
1 creature vanquished.

Vanquished Creatures (others)
  A sky beast (D:7)
1 creature vanquished.

Grand Total: 328 creatures vanquished

Notes
Turn   | Place    | Note
-------+----------+-------------------------------------------
     0 | D:1      | Laraso the Demigod Air Elementalist began the quest for the
                  | Orb.
     0 | D:1      | Reached XP level 1. HP: 14/14 MP: 5/5
   333 | D:1      | Reached XP level 2. HP: 20/20 MP: 4/8
   756 | D:1      | Learned a level 2 spell: Static Discharge
  1181 | D:2      | Reached XP level 3. HP: 26/26 MP: 5/10
  2063 | D:3      | Found The Oracle's Delphic Readings.
  2234 | D:3      | Reached XP level 4. HP: 8/33 MP: 2/12
  2773 | D:3      | Noticed a gnoll sergeant
  2783 | D:3      | Learned a level 3 spell: Swiftness
  2788 | D:3      | Learned a level 4 spell: Airstrike
  2943 | D:4      | Noticed Menkaure
  2949 | D:4      | Killed Menkaure
  2950 | D:4      | Reached skill level 5 in Spellcasting
  2950 | D:4      | Reached XP level 5. HP: 13/38 MP: 4/16
  3203 | D:4      | Reached XP level 6. HP: 31/45 MP: 7/17
  3597 | D:4      | Reached skill level 1 in Conjurations
  3597 | D:4      | Reached skill level 3 in Air Magic
  3725 | D:4      | Found a staircase to the Ecumenical Temple.
  4126 | D:5      | Entered Level 5 of the Dungeon
  4253 | D:5      | Identified the +0 pair of gloves of Lethargy {-Cast Rampage
                  | rElec Dex-2}
  4312 | D:5      | Found a glowing drain.
  4316 | Sewer    | Entered a sewer
  4359 | Sewer    | Reached XP level 7. HP: 50/50 MP: 12/19
  4759 | Sewer    | Gained mutation: You have very sharp teeth. [potion of
                  | mutation]
  4759 | Sewer    | Gained mutation: Your natural rate of healing is unusually
                  | fast. [potion of mutation]
  4759 | Sewer    | Gained mutation: You have a considerably increased
                  | reservoir of magic. (+20% MP) [potion of mutation]
  4803 | Sewer    | Reached skill level 4 in Air Magic
  5208 | D:5      | Reached skill level 5 in Air Magic
  5864 | D:6      | Reached XP level 8. HP: 20/57 MP: 15/22
  5868 | D:6      | Reached skill level 6 in Air Magic
  6594 | D:7      | Noticed a troll
  6612 | D:7      | Killed a troll
  6613 | D:7      | Reached skill level 7 in Air Magic
  6753 | D:7      | Reached skill level 8 in Air Magic
  6770 | D:7      | Reached skill level 1 in Fighting
  6770 | D:7      | Reached skill level 1 in Armour
  6904 | D:7      | Reached XP level 9. HP: 67/67 MP: 23/23
  6930 | D:7      | Noticed a boulder beetle
  7124 | D:7      | Found Juoqia's Antique Armour Shop.
  7744 | D:8      | Noticed Gastronok
  7843 | D:8      | HP: 3/69 [Gastronok (30)]
  7944 | D:8      | Found Zoonuzaum's Antique Armour Shop.
  8512 | D:8      | Noticed a two-headed ogre
  8531 | D:8      | Killed a two-headed ogre
  8532 | D:8      | Reached skill level 9 in Air Magic
  8541 | D:8      | Killed Gastronok
  8542 | D:8      | Reached skill level 10 in Air Magic
  8542 | D:8      | Reached XP level 10. HP: 31/77 MP: 2/28
  8750 | D:8      | Noticed Maggie
  8759 | D:8      | Killed Maggie
  8950 | D:9      | Reached skill level 11 in Air Magic
  9122 | D:9      | Found a staircase to the Orcish Mines.
  9220 | D:9      | Reached skill level 12 in Air Magic
  9731 | D:9      | Reached XP level 11. HP: 85/85 MP: 25/29
  9942 | D:10     | Entered Level 10 of the Dungeon
 10030 | D:10     | Identified the amulet of the Death Scarab {Acrobat Harm
                  | Rampage Str-4}
 10041 | D:10     | Reached skill level 5 in Fighting
 10217 | D:10     | Identified the +6 war axe "Sochoac" {speed, Str+3}
 10374 | D:10     | Noticed Harold
 10385 | D:10     | HP: 2/91 [Harold/+0 dire flail (21)]
 10548 | D:10     | Killed Harold
 10761 | D:10     | Found Kitzath's Jewellery Emporium.
 10765 | D:10     | Found Beuph's Antique Armour Shop.
 10765 | D:10     | Found Haorch's Weapon Boutique.
 10766 | D:10     | Found Faiqust's Armour Shop.
 10766 | D:10     | Found Domat's Armour Emporium.
 11058 | D:10     | Bought the ring "Rokhoiji" {rElec rC+ Str+6} for 627 gold
                  | pieces
 11246 | D:11     | Noticed a two-headed ogre
 11249 | D:11     | Killed a two-headed ogre
 11370 | D:11     | Reached skill level 5 in Dodging
 11381 | D:11     | Found a staircase to the Lair.
 11515 | D:11     | Found a frozen archway.
 11572 | IceCv    | Entered an ice cave
 11737 | D:11     | Reached skill level 5 in Armour
 11798 | D:11     | Noticed a two-headed ogre
 11810 | D:11     | Noticed a two-headed ogre
 11914 | D:11     | Noticed an orc knight
 11921 | D:11     | Killed an orc knight
 12131 | D:12     | Found Zibruos's Antique Weapon Boutique.
 12185 | D:12     | Found a gate leading to a gauntlet.
 12194 | Gauntlet | Entered a Gauntlet
 12194 | Gauntlet | Noticed a catoblepas
 12194 | Gauntlet | Found a transporter.
 12194 | Gauntlet | Found a transporter.
 12196 | Gauntlet | Noticed a death scarab
 12207 | Gauntlet | Found a transporter.
 12223 | Gauntlet | Found a transporter.
 12224 | Gauntlet | Found a transporter.
 12224 | Gauntlet | Found a transporter.
 12226 | Gauntlet | Found a transporter.
 12226 | Gauntlet | Found a transporter.
 12229 | Gauntlet | Noticed an occultist
 12232 | Gauntlet | Noticed an occultist
 12241 | Gauntlet | Found a transporter.
 12253 | Gauntlet | Noticed a wretched star
 12256 | Gauntlet | Found a transporter.
 12266 | Gauntlet | Found a transporter.
 12268 | Gauntlet | Noticed a death drake
 12280 | Gauntlet | Found a transporter.
 12313 | Gauntlet | Found a transporter.
 12314 | Gauntlet | Found a runed translucent door.
 12325 | Gauntlet | Found a transporter.
 12557 | Gauntlet | Killed a death scarab
 12589 | Gauntlet | Got The Final Vademecum on Spellcasting
 12733 | Gauntlet | HP: 6/133 [death drake] (7)]
 12733 | Gauntlet | HP: 2/133 [poisoned by a death drake (dark miasma)]
 12733 | Gauntlet | Killed from afar by a death drake

Illustrated notes

Levels and vault maps discovered:
D:1:      ldierk_walled_garden, layout_basic, ebering_ecumenical_altar_abandoned
D:2:      layout_loops_cross
D:3:      layout_loops_corners, nicolae_uskayaw_murder_on_the_dancefloor,
          mainiacjoe_overflow_boulevard, gammafunk_temple_overflow_statue,
          serial_park_tiny_pond, nicolae_nh_oracle_at_delphi
D:4:      layout_loops_ring, makhleb_blood_cavern_becter,
          minmay_temple_entry_drinking_statues, kennysheep_generic_room_9,
          uniq_menkaure
D:5:      layout_basic, gup_sewer_entry_bowl, kennysheep_nub,
          hangedman_decor_clover_reticule
D:6:      layout_loops_ring, nicolae_tso_carved_into_rock, minivault_11
D:7:      minmay_opposing_rooms, layout_rooms, mainiacjoe_overflow_catwalk,
          serial_shops, nicolae_take_the_stairs, dk_rats_in_the_wall
D:8:      layout_rooms, lemuel_tele_altar, serial_aquarium,
          aquarium_bridge_straight [aquarium_subvault_bridge,
          aquarium_subvault_wall, aquarium_subvault_bridge,
          aquarium_subvault_window], aquarium_window_fake,
          aquarium_window_corridor_1, aquarium_view_2g, aquarium_view_2a,
          aquarium_balcony_double_3, aquarium_pool_2, serial_shops,
          nicolae_stop_n_shop_2, feat_on_display, uniq_maggie, uniq_gastronok
D:9:      layout_roguey [special_room_orc], pdpol_wu_jian_five_deadly_venoms,
          orc_0_dummy, amcnicky_mini_rare_corridor_liquid,
          minmay_fractal_squares_5
D:10:     layout_loops_ring, mainiacjoe_overflow_24_doors,
          nicolae_wooded_promenade, uniq_harold
D:11:     minmay_cornered_nines, layout_rooms, hellmonk_lair_entry_icy,
          portal_ice_cave_entry_pillars_1
D:12:     layout_basic, serial_shops, shop, gauntlet_entry_generic, uniq_lodul,
          uniq_rupert, uniq_erolcha
Gauntlet: gammafunk_gauntlet_mixed_choke_point [minmay_gauntlet_arena_77_fan,
          minmay_gauntlet_arena_77_path,
          minmay_gauntlet_arena_77_radiant_squares,
          nicolae_gauntlet_arena_blocks,
          minmay_gauntlet_arena_77_tiled_triplets,
          minmay_gauntlet_arena_77_hold_the_fort,
          minmay_gauntlet_arena_77_terracotta_army,
          dreamdust_gauntlet_exit_labyrinth]

Skill      XL: |  1  2  3  4  5  6  7  8  9 10 11 |
---------------+----------------------------------+-----
Spellcasting   | 2 3 5 6 8 |  8.9
Conjurations   | 2 4 |  4.0
Air Magic      | 3 5 8 10 12 | 12.0
Dodging        | 2 3 6 |  6.0
Fighting       | 2 3 4 7 |  7.0
Armour         | 2 5 |  5.0
Stealth        | |  1.7

Action                     |  1- 3 |  4- 6 |  7- 9 | 10-12 || total
---------------------------+-------+-------+-------+-------++-------
  Melee: Spear             |    43 |    13 |       |       ||    56
         Punch             |     2 |       |       |       ||     2
         Halberd           |       |     9 |       |       ||     9
         Trident           |       |    38 |   182 |    36 ||   256
         Bite              |       |       |    23 |     5 ||    28
   Cast: Shock             |    70 |    45 |     8 |    11 ||   134
         Static Discharge  |     3 |    31 |   107 |   206 ||   347
         Airstrike         |       |       |    28 |    57 ||    85
         Swiftness         |       |       |       |     2 ||     2
  Evoke: Wand              |       |       |     3 |     1 ||     4
    Use: Scroll            |     3 |     6 |    13 |     3 ||    25
         Potion            |       |     1 |     1 |    11 ||    13
   Stab: Sleeping          |     1 |     3 |       |       ||     4
 Armour: Robe              |    26 |    83 |   147 |       ||   256
         Troll leather arm |       |       |   213 |   461 ||   674
         Skin              |       |       |       |    43 ||    43
  Dodge: Dodged            |    27 |    52 |   192 |   143 ||   414
